 Dungeon Crawl Stone Soup version 0.32-a0-665-g3d30ec2550 (webtiles) character file.

Game seed: 1354282657459925405

11877 shadizar the Geomancer (level 11, -1/67 HPs)
             Began as a Gargoyle Earth Elementalist on Mar 9, 2024.
             Was a High Priest of Vehumet.
             Slain by a komodo dragon (19 damage)
             ... on level 1 of the Lair of Beasts.
             The game lasted 00:30:17 (11009 turns).

shadizar the Geomancer (GrEE)                      Turns: 11009, Time: 00:30:18

Health: -1/67      AC: 15    Str: 17    XL:     11   Next: 84%
Magic:  10/20      EV: 10    Int: 21    God:    Vehumet [*****.]
Gold:   276        SH: 11    Dex:  9    Spells: 8/22 levels left

rFire   + . .        s - staff of conjuration
rCold   + + .        K - +4 kite shield of the Eagle {rElec rN++ Regen+ Dex-4}
rNeg    + + +        k - +1 leather armour {rC+}
rPois   ∞            (no helmet)
rElec   +            L - +0 cloak "Fikemall" {Will+}
rCorr   .            (no gloves)
SInv    .            w - +1 pair of boots
Will    ++...        (no amulet) Stlth
                     f - ring of Wudo {rF+ rC+ Will+ Dex+3 Stlth-}
HPRegen 1.11/turn    E - +6 ring of strength
MPRegen 0.17/turn

%: no passive effects
@: no status effects
A: sickness immunity, AC +8, negative energy resistance 1, electricity
resistance, torment resistance 1, petrification resistance
a: Renounce Religion


You were on level 1 of the Lair of Beasts.
You worshipped Vehumet.
Vehumet was extremely pleased with you.
You visited 3 branches of the dungeon, and saw 12 of its levels.
You also visited: Ossuary and Bailey.

You collected 722 gold pieces.
You spent 446 gold pieces at shops.

Inventory:

Hand Weapons
 m - a +5 vampiric scythe
 H - a +4 whip
Missiles
 c - 70 stones
Armour
 g - a +1 ring mail of cold resistance
 k - a +1 leather armour of cold resistance (worn)
 w - a +1 pair of boots (worn)
 D - the +0 leather armour of Hoiraoff {rElec rN++ Str+2 Dex-4}
   (You found it on level 7 of the Dungeon)

   Str+2:     It affects your strength (+2).
   Dex-4:     It affects your dexterity (-4).
   rElec:     It insulates you from electricity.
   rN++:      It greatly protects you from negative energy.
 I - +0 steam dragon scales
 K - the +4 kite shield of the Eagle (worn) {rElec rN++ Regen+ Dex-4}
   (You bought it in a shop on level 10 of the Dungeon)

   Dex-4:     It affects your dexterity (-4).
   rElec:     It insulates you from electricity.
   rN++:      It greatly protects you from negative energy.
   Regen+:    It increases your rate of health regeneration.
 L - the +0 cloak "Fikemall" (worn) {Will+}
   (You found it in a bailey)

   Will+:     It increases your willpower.
Magical Staves
 s - a staff of conjuration (weapon)
 x - a staff of fire
Jewellery
 f - the ring of Wudo (left hand) {rF+ rC+ Will+ Dex+3 Stlth-}
   (You acquired it on level 2 of the Dungeon)

   [ring of willpower]

   Dex+3:     It affects your dexterity (+3).
   rF+:       It protects you from fire.
   rC+:       It protects you from cold.
   Will+:     It increases your willpower.
   Stlth-:    It makes you less stealthy.
 h - an amulet of guardian spirit
 E - a +6 ring of strength (right hand)
Wands
 n - a wand of paralysis (20)
 p - a wand of roots (17)
 t - a wand of flame (28)
Scrolls
 j - a scroll of brand weapon
 q - a scroll of immolation
 u - a scroll of enchant weapon
 y - 3 scrolls of enchant armour
 z - 2 scrolls of teleportation
 B - 3 scrolls of fear
 F - 2 scrolls of amnesia
 G - 2 scrolls of vulnerability
Potions
 a - 2 potions of lignification
 b - 2 potions of enlightenment
 d - 3 potions of berserk rage
 e - 3 potions of heal wounds
 i - 3 potions of cancellation
 l - 2 potions of might
 o - 5 potions of curing
 r - 3 potions of degeneration {unknown}
 v - a potion of haste
 A - a potion of ambrosia {unknown}
 C - a potion of invisibility
Miscellaneous
 J - a phial of floods


   Skills:
 + Level 7.6 Fighting
 - Level 3.4 Armour
 - Level 3.1 Dodging
 - Level 2.1 Stealth
 + Level 2.4 Shields
 - Level 6.4 Spellcasting
 - Level 10.0 Conjurations
 + Level 5.9 Fire Magic
 - Level 12.6 Earth Magic


You had 8 spell levels left.
You knew the following spells:

 Your Spells              Type           Power      Damage    Failure   Level
a - Sandblast             Erth           100%       2d20      1%          1
b - Stone Arrow           Conj/Erth      100%       3d13      1%          3
c - Lee's Rapid Deconstr  Erth           28%        3d15*     1%          5
d - Fireball              Conj/Fire      28%        3d12      10%         5

Your spell library contained the following spells:

 Spells                   Type           Power      Damage    Failure   Level
 Iskenderun's Battlesphe  Conj           65%        2d11      4%          5
 Magic Dart               Conj           100%       1d8       1%          1
 Searing Ray              Conj           100%       2d8       1%          2
 Passwall                 Erth           56%        N/A       1%          3
 Brom's Barrelling Bould  Conj/Erth      69%        2d8       1%          4
 Fulminant Prism          Conj/Alch      20%        3d12      11%         4
 Animate Armour           Summ/Erth      66%        N/A       24%         4
 Petrify                  Alch/Erth      33%        N/A       24%         4
 Slow                     Hex            24%        N/A       32%         1
 Confusing Touch          Hex            6%         N/A       67%         3
 Sigil of Binding         Hex            6%         N/A       67%         3
 Vampiric Draining        Necr           6%         2d6       67%         3
 Passage of Golubria      Tloc           6%         N/A       97%         4
 Summon Lightning Spire   Summ/Air       6%         N/A       97%         4
 Lehudib's Crystal Spear  Conj/Erth      34%        10d9      99%         8
 Silence                  Hex/Air        3%         N/A       100%        5


Dungeon Overview and Level Annotations

Branches:
Dungeon (10/15)            Temple (1/1) D:4            Lair (1/5) D:10
Ossuary (visited)          Bailey (visited)
    Orc: D:9-12

Altars:
Ashenzari
Elyvilon
Fedhas
Gozag
Kikubaaqudgha
Makhleb
Okawaru
Qazlal
Sif Muna
Uskayaw
Vehumet
Wu Jian
Xom
Yredelemnul
The Shining One

Shops:
D:5 ?   D:8 =?*=   D:9 !   D:10 =[*(


Innate Abilities, Weirdness & Mutations

You are immune to sickness and miasma.
Your stone body is resilient. (AC +8)
You are immune to poison.
You resist negative energy. (rN+)
You are resistant to electric shocks. (rElec)
You are resistant to unholy torment.
You are immune to petrification.


Message History

The blast of sand hits the yak.
The yak is heavily wounded.
You block the yak's attack. The yak closely misses you.
The blast of sand hits the yak!!
You kill the yak!
Vehumet accepts your kill.
You feel your power returning. You block the yak's attack.
The blast of sand misses the yak.
The blast of sand hits the yak.
The yak is lightly wounded.
The yak gores you.
An elephant comes into view.
The blast of sand hits the yak!!
The yak is heavily wounded.
The elephant trumpets!
You hear an angry hiss.
The yak gores you! The yak misses you.
You are too injured to fight recklessly!
You are too injured to fight recklessly!
Casting: Sandblast (safe; 1% risk of failure)
Confirm with . or Enter, or press ? or * to list all spells.
Okay, then.
The yak attacks as it pursues you! You block the yak's attack.
Found a book of the Warp.
The yak attacks as it pursues you! The yak closely misses you.
A water moccasin comes into view.
Found 22 gold pieces.
The yak attacks as it pursues you! You block the yak's attack.
You see here a book of the Warp.
The yak attacks as it pursues you! You block the yak's attack.
The yak attacks as it pursues you! The yak gores you but does no damage.
The water moccasin bites you!
A komodo dragon comes into view.
The komodo dragon hisses angrily.
The water moccasin bites you. The komodo dragon barely misses you.
You hit the toadstool.
You blast the toadstool.
You destroy the toadstool!
You block the water moccasin's attack. The komodo dragon bites you!!
* * * LOW HITPOINT WARNING * * *
You block the water moccasin's attack. The komodo dragon bites you!!
You die...

#... #. #...:..#
##... ##.
##..#### ##....
##..####.###
....#
#....##Y..P###
## .>.#
#....Y........ .
..#
#♣#.Y......♣♣.♣
#.##.#
♣♣♣....$...♣
###.#..####
♣♣.SY.......P♣
.....†....♣
♣.@...~~~~..P♣
#####.##.##
♣..l.~~~~~~..P♣
#.<####
.....~~~≈≈~~....
#....#
♣.....~~≈≈≈≈~~..
#..#.##
♣......~~≈≈≈≈~~.
##.##
♣♣P....~~≈≈≈~~~
# ♣.P....~~≈≈~~
♣♣♣P...~~≈≈~


You could see 2 elephants, a komodo dragon, 2 yaks and a water moccasin.

Vanquished Creatures
  2 two-headed ogres (D:10)
  An orc knight (Bailey)
  Maurice (D:8)
  Grinder (D:6)
  Sigmund (D:4)
  A vampire (D:9)
  25 yaks
  4 wyverns
  A shadow (D:10)
  2 steam dragons
  2 water moccasins
  2 black bears
  8 orc warriors
  An ice beast (D:7)
  3 sky beasts
  4 centaurs
  A phantom (D:6)
  5 kobold brigands
  An elf zombie (Ossuary)
  3 scorpions
  A gnoll sergeant (D:10)
  2 bullfrogs
  6 wights
  3 killer bees (D:8)
  2 bombardier beetles
  10 howler monkeys
  2 centaur zombies (Ossuary)
  4 human zombies (Ossuary)
  A hound (D:6)
  A jelly (D:8)
  2 orc priests
  4 gnoll boudas
  A sleepcap (D:5)
  2 iguanas
  6 orc wizards
  4 hound zombies (Ossuary)
  2 mummies (Ossuary)
  26 gnolls
  5 adders
  2 shadow imps
  A white imp (D:7)
  2 ufetubi (D:6)
  2 adder zombies (Ossuary)
  2 dart slugs (D:2)
  2 ribbon worms
  34 orcs
  4 bats (D:1)
  4 endoplasms
  5 giant cockroaches (D:1)
  5 hobgoblins
  2 jackals (D:3)
  3 quokkas
  4 ball pythons
  2 frilled lizards
  2 gnoll zombies (Ossuary)
  15 goblins
  4 jackal zombies (Ossuary)
  26 kobolds
  6 kobold zombies (Ossuary)
  12 orc zombies (Ossuary)
  7 rats
299 creatures vanquished.

Notes
Turn   | Place    | Note
-------+----------+-------------------------------------------
     0 | D:1      | shadizar the Gargoyle Earth Elementalist began the quest
                  | for the Orb.
     0 | D:1      | Reached XP level 1. HP: 10/10 MP: 3/3
    44 | D:1      | Reached skill level 4 in Earth Magic
    73 | D:1      | Reached XP level 2. HP: 15/15 MP: 1/5
   534 | D:1      | Reached skill level 5 in Earth Magic
   534 | D:1      | Reached XP level 3. HP: 19/19 MP: 4/6
  1506 | D:2      | Reached XP level 4. HP: 24/24 MP: 3/7
  1509 | D:2      | Reached skill level 6 in Earth Magic
  2089 | D:2      | Identified a scroll of acquirement
  2089 | D:2      | Acquired the ring of Wudo {rF+ rC+ Will+ Dex+3 Stlth-}
  2103 | D:3      | Reached XP level 5. HP: 28/28 MP: 4/8
  2226 | D:3      | Found an opulent altar of Gozag.
  2237 | D:3      | Found an iron altar of Okawaru.
  2366 | D:3      | Found a faded altar of an unknown god.
  2777 | D:3      | Found an ornate altar of the Wu Jian Council.
  2963 | D:4      | Found a staircase to the Ecumenical Temple.
  2978 | Temple   | Entered the Ecumenical Temple
  2994 | Temple   | Became a worshipper of Vehumet
  3029 | D:4      | Reached skill level 7 in Earth Magic
  3061 | D:4      | Noticed Sigmund
  3174 | D:4      | Found a sand-covered staircase.
  3179 | Ossuary  | Entered an ossuary
  3195 | Ossuary  | Reached skill level 1 in Fighting
  3324 | Ossuary  | Reached XP level 6. HP: 32/34 MP: 5/9
  3482 | Ossuary  | Reached * piety under Vehumet
  3482 | Ossuary  | Offered knowledge of Foxfire by Vehumet.
  3492 | Ossuary  | Learned a level 3 spell: Stone Arrow
  3655 | Ossuary  | Reached skill level 8 in Earth Magic
  3952 | Ossuary  | Reached XP level 7. HP: 44/44 MP: 6/10
  4151 | D:4      | Killed Sigmund
  4152 | D:4      | Reached skill level 5 in Fighting
  4698 | D:5      | Entered Level 5 of the Dungeon
  4698 | D:5      | Found Xezor's Magic Scroll Emporium.
  4766 | D:4      | Reached XP level 8. HP: 37/51 MP: 3/11
  4928 | D:5      | Reached ** piety under Vehumet
  4970 | D:5      | Offered knowledge of Mercury Vapours by Vehumet.
  5543 | D:6      | Offered knowledge of Scorch by Vehumet.
  5557 | D:6      | Reached skill level 9 in Earth Magic
  5563 | D:6      | Reached *** piety under Vehumet
  5662 | D:6      | Noticed Grinder
  5665 | D:6      | Killed Grinder
  5769 | D:6      | Reached XP level 9. HP: 55/55 MP: 10/15
  5956 | D:6      | Reached skill level 1 in Armour
  6249 | D:6      | Offered knowledge of Airstrike by Vehumet.
  6250 | D:6      | Reached skill level 5 in Conjurations
  6745 | D:6      | Acquired a staff of conjuration
  6952 | D:7      | Reached skill level 10 in Earth Magic
  7010 | D:7      | Reached **** piety under Vehumet
  7025 | D:7      | Identified the +0 leather armour of Hoiraoff {rElec rN++
                  | Str+2 Dex-4}
  7325 | D:7      | Found a broken altar of Ashenzari.
  7435 | D:7      | Learned a level 5 spell: Lee's Rapid Deconstruction
  7530 | D:8      | Noticed Maurice
  7578 | D:8      | Killed Maurice
  7579 | D:8      | Reached XP level 10. HP: 55/61 MP: 3/16
  7908 | D:8      | Reached skill level 11 in Earth Magic
  8104 | D:8      | Offered knowledge of Fireball by Vehumet.
  8123 | D:8      | Found Onuinev's Jewellery Shoppe.
  8144 | D:8      | Found Saozikh's Assorted Antiques.
  8145 | D:8      | Found Feqodwoa's Magic Scroll Shoppe.
  8149 | D:8      | Found Givvopargh's Jewellery Shoppe.
  8163 | D:8      | Learned a level 5 spell: Fireball
  8289 | D:8      | Reached skill level 1 in Fire Magic
  8444 | D:9      | Reached skill level 12 in Earth Magic
  8547 | D:9      | Found Ifyesaem's Distillery.
  8547 | D:9      | Found a flagged portal.
  8566 | Bailey   | Entered a bailey
  8710 | Bailey   | Noticed an orc knight
  8713 | Bailey   | Noticed an orc knight
  8720 | Bailey   | Reached skill level 5 in Spellcasting
  8743 | Bailey   | Reached XP level 11. HP: 45/67 MP: 2/18
  8892 | Bailey   | Reached ***** piety under Vehumet
  8892 | Bailey   | Offered knowledge of Iskenderun's Battlesphere by Vehumet.
  8952 | Bailey   | Killed an orc knight
  9173 | Bailey   | Identified the +1 crystal plate armour of Muqux {Str+3}
  9176 | Bailey   | Identified the +0 cloak "Fikemall" {Will+}
  9983 | D:10     | Entered Level 10 of the Dungeon
 10163 | D:10     | Found Ocrug's Weapon Boutique.
 10223 | D:10     | Found Oklui's Assorted Antiques.
 10538 | D:10     | Noticed a two-headed ogre
 10544 | D:10     | Killed a two-headed ogre
 10545 | D:10     | Reached skill level 5 in Fire Magic
 10563 | D:10     | Noticed a two-headed ogre
 10568 | D:10     | Killed a two-headed ogre
 10571 | D:10     | Reached skill level 10 in Conjurations
 10704 | D:10     | Found Xuidiot's Armour Shoppe.
 10716 | D:10     | Bought the +4 kite shield of the Eagle {rElec rN++ Regen+
                  | Dex-4} for 446 gold pieces
 10745 | D:10     | Found Tepaj's Jewellery Shoppe.
 10862 | D:10     | Found a staircase to the Lair.
 10947 | Lair:1   | Entered Level 1 of the Lair of Beasts
 10983 | Lair:1   | Reached skill level 1 in Shields
 11009 | Lair:1   | Slain by a komodo dragon

Illustrated notes

Levels and vault maps discovered:
D:1:      dpeg_arrival_prison, layout_basic, roderic_lattice_a,
          roderic_serpentine_path, minmay_hedge_maze
D:2:      layout_basic, serial_bayou_lake_a
D:3:      layout_loops_ring, nicolae_wu_jian_immortal_techniques,
          jmf_multi_god_temple, ebering_ecumenical_altar_hall,
          dreamdust_princess_bridge, minivault_4, roderic_roman_lattice,
          chequers_serial_rivers_marsh, nicolae_the_louvre
D:4:      layout_basic, minmay_temple_entry_mist, nicolae_ossuary_entry_plus,
          uniq_sigmund
D:5:      layout_rooms, grunt_ministairs_1, nicolae_stop_n_shop_1
D:6:      layout_layer_cave, uniq_grinder
D:7:      layout_cave_pools, nicolae_ashenzari_skybound, st_stairs_12
D:8:      layout_loops_ring, minmay_shop_grid_forest, uniq_maurice
D:9:      layout_loops_ring, minitemple, serial_shops, shop, enter_bailey_5,
          nicolae_where_there's_smoke
D:10:     layout_roguey, serial_shops, nicolae_shop_behind_doors, shop_coins,
          nicolae_shop_hallway_plus, nicolae_shop_crystal
Temple:   jpeg_temple_clearing
Lair:1:   gammafunk_lair_enchanted_lake, layout_loops_ring, grunt_megastairs_4

Skill      XL: |  1  2  3  4  5  6  7  8  9 10 11 |
---------------+----------------------------------+-----
Earth Magic    | 4 5 6 7 8 9 10 12 | 12.6
Fighting       | 1 4 6 7 |  7.6
Conjurations   | 2 4 6 8 10 | 10.0
Spellcasting   | 4 5 6 |  6.4
Armour         | 3 |  3.4
Dodging        | 3 |  3.1
Fire Magic     | 3 5 |  5.9
Shields        | 2 |  2.4
Stealth        | |  2.1

Action                     |  1- 3 |  4- 6 |  7- 9 | 10-12 || total
---------------------------+-------+-------+-------+-------++-------
  Melee: Unarmed           |    12 |     3 |       |       ||    15
         Staff             |       |       |       |    10 ||    10
   Cast: Sandblast         |    50 |    98 |   166 |   187 ||   501
         Stone Arrow       |       |       |    10 |    14 ||    24
         Lee's Rapid Decon |       |       |       |    19 ||    19
    Use: Scroll            |       |     8 |    12 |     3 ||    23
         Potion            |       |     1 |     4 |     1 ||     6
 Armour: Robe              |    14 |    56 |    17 |       ||    87
         Leather armour    |       |       |    57 |   111 ||   168
  Dodge: Dodged            |    17 |    60 |    77 |    93 ||   247
  Block: Kite shield       |       |       |       |    15 ||    15

Table legend: (Time is in decaauts)
 A = Elapsed time spent in this place.
 B = Non-inter-level travel time spent in this place.
 C = Inter-level travel time spent in this place.
 D = Time resting spent in this place.
 E = Time spent auto-exploring this place.
 F = Levels seen in this place.
 G = Mean time per level.
                   A        B        C        D        E       F      G
               +--------+--------+--------+--------+--------+-----+--------+
         Total |  11302 |  11137 |    165 |      0 |   8131 |  14 |  807.3 |
       Dungeon |   9399 |   9235 |    164 |      0 |   7164 |  10 |  939.9 |
        Temple |     31 |     31 |      0 |      0 |      0 |   1 |   31.0 |
          Lair |     72 |     72 |      0 |      0 |     13 |   1 |   72.0 |
       Ossuary |   1007 |   1007 |      0 |      0 |    494 |   1 | 1007.0 |
        Bailey |    792 |    792 |      0 |      0 |    459 |   1 |  792.0 |
               +--------+--------+--------+--------+--------+-----+--------+

Top non-repeatable levels by time:
     D:6: 1505 daAuts
     D:1: 1144 daAuts
 Ossuary: 1007 daAuts
     D:2: 1004 daAuts
    D:10: 977 daAuts
     D:4: 874 daAuts
     D:3: 853 daAuts
     D:9: 839 daAuts
     D:8: 806 daAuts
     D:7: 797 daAuts
  Bailey: 792 daAuts
     D:5: 596 daAuts
  Lair:1: 72 daAuts
  Temple: 31 daAuts
